 Dungeon Crawl Stone Soup version 0.32-a0-433-g08bcfe7efd (webtiles) character file.

Game seed: 5560026934058268729

2 CougarLife the Digger (level 1, 0/10 HPs)
             Began as a Gargoyle Earth Elementalist on Feb 23, 2024.
             Slain by a quokka (4 damage)
             ... on level 1 of the Dungeon.
             The game lasted 00:00:06 (89 turns).

CougarLife the Digger (Gargoyle Earth Elementalist)   Turns: 89, Time: 00:00:07

Health: 0/10       AC:  4    Str: 11    XL:     1   Next: 40%
Magic:  0/3        EV: 11    Int: 15    God:
Gold:   7          SH:  0    Dex: 10    Spells: 3/4 levels left

rFire   . . .        (no weapon)
rCold   . . .        (no shield)
rNeg    + . .        a - +0 robe
rPois   ∞            (no helmet)
rElec   +            (no cloak)
rCorr   .            (no gloves)
SInv    .            (no boots)
Will    .....        (no amulet)
Stlth   ++           (no ring)
HPRegen 0.21/turn    (no ring)
MPRegen 0.08/turn

%: no passive effects
@: no status effects
A: sickness immunity, AC +2, negative energy resistance 1, electricity
resistance, torment resistance 1, petrification resistance
a: no special abilities


You were on level 1 of the Dungeon.
You visited 1 branch of the dungeon, and saw 1 of its levels.

You collected 7 gold pieces.

Inventory:

Armour
 a - a +0 robe (worn)
Potions
 b - a potion of magic


   Skills:
 - Level 1.5 Dodging
 - Level 2.1 Stealth
 + Level 2.0 Spellcasting
 + Level 1.2 Conjurations
 + Level 3.7 Earth Magic


You had 3 spell levels left.
You knew the following spells:

 Your Spells              Type           Power      Damage    Failure   Level
a - Sandblast             Erth           24%        2d8       4%          1

Your spell library contained the following spells:

 Spells                   Type           Power      Damage    Failure   Level
 Passwall                 Erth           12%        N/A       14%         3
 Stone Arrow              Conj/Erth      18%        3d8       24%         3
 Brom's Barrelling Bould  Conj/Erth      9%         2d3       61%         4
 Petrify                  Alch/Erth      7%         N/A       71%         4


Dungeon Overview and Level Annotations

Branches:
Dungeon (1/15)

Altars:


Innate Abilities, Weirdness & Mutations

You are immune to sickness and miasma.
Your stone body is resilient. (AC +2)
You are immune to poison.
You resist negative energy. (rN+)
You are resistant to electric shocks. (rElec)
You are resistant to unholy torment.
You are immune to petrification.


Message History

A quokka is nearby!
You closely miss the quokka.
The quokka is almost dead.
The quokka bites you but does no damage.
You are out of magic!
A quokka is nearby!
You hit the quokka but do no damage.
The quokka is almost dead.
The quokka bites you but does no damage.
You are out of magic!
A quokka is nearby!
You miss the quokka.
The quokka is almost dead.
The quokka misses you. The quokka bites you.
You are out of magic!
A quokka is nearby!
You miss the quokka.
The quokka is almost dead.
The quokka bites you.
You are too injured to fight recklessly!
You are too injured to fight recklessly!
A quokka is nearby!
Unknown command.
You are too injured to fight recklessly!
A quokka is nearby!
You are too injured to fight recklessly!
You are too injured to fight recklessly!
A quokka is nearby!
Casting: Sandblast (safe; 4% risk of failure)
Confirm with . or Enter, or press ? or * to list all spells.
You don't have enough magic to cast this spell.
Casting: Sandblast (safe; 4% risk of failure)
Confirm with . or Enter, or press ? or * to list all spells.
You don't have enough magic to cast this spell.
You are too injured to fight recklessly!
You are too injured to fight recklessly!
You miss the quokka.
The quokka is almost dead.
The quokka bites you.
You die...

. ..####.# .
.##...#..########.
.................#
≈~P...P≈~~~~≈~~P.#
≈≈~...~≈≈~~~~≈~~..
≈≈~...~~~~~~~≈~~.#
~~.....≈~~~~≈~~Pr#
....<....[.....?@#
~~.....~~~~≈~~~P.###
≈≈~..[~≈≈~~~~≈≈~...#
≈~~...~~≈~~~~≈≈~.#.#
~≈P...P~~~~~~~~P...#
...................#
##.##..####...####.#
#.. ##.####....##..#
#.# #.##.........##


You could see a quokka.

Vanquished Creatures
  2 jackals (D:1)
2 creatures vanquished.

Notes
Turn   | Place    | Note
-------+----------+-------------------------------------------
     0 | D:1      | CougarLife the Gargoyle Earth Elementalist began the quest
                  | for the Orb.
     0 | D:1      | Reached XP level 1. HP: 10/10 MP: 3/3
    89 | D:1      | Slain by a quokka

Illustrated notes

Levels and vault maps discovered:
D:1:      giann_bridges, layout_rooms

Action                     || total
---------------------------++-------
  Melee: Unarmed           ||     8
   Cast: Sandblast         ||     6
 Armour: Robe              ||    10
  Dodge: Dodged            ||     7

Table legend: (Time is in decaauts)
 A = Elapsed time spent in this place.
 B = Non-inter-level travel time spent in this place.
 C = Inter-level travel time spent in this place.
 D = Time resting spent in this place.
 E = Time spent auto-exploring this place.
 F = Levels seen in this place.
 G = Mean time per level.
                   A        B        C        D        E       F      G
               +--------+--------+--------+--------+--------+-----+--------+
         Total |     92 |     92 |      0 |      0 |     68 |   1 |   92.0 |
       Dungeon |     92 |     92 |      0 |      0 |     68 |   1 |   92.0 |
               +--------+--------+--------+--------+--------+-----+--------+

Top non-repeatable levels by time:
     D:1: 92 daAuts
